 Dungeon Crawl Stone Soup version 0.28-b1-25-g9875b3fc8c (webtiles) character file.

Game seed: 583911491631225755

2 cayde69 the Skirmisher (level 1, 12/20 HPs)
             Began as a Hill Orc Fighter on Feb 2, 2022.
             Was a Follower of Fedhas.
             Quit the game on level 1 of the Dungeon.
             The game lasted 00:00:24 (97 turns).

cayde69 the Skirmisher (Hill Orc Fighter)             Turns: 97, Time: 00:00:25

Health: 12/20      AC:  6    Str: 18    XL:     1   Next: 40%
Magic:  1/1        EV:  9    Int:  8    God:    Fedhas [*.....]
Gold:   13         SH:  4    Dex: 10    Spells: 0/0 levels left

rFire   . . .      SeeInvis .   a - +0 war axe
rCold   . . .      Faith    .   c - +0 buckler
rNeg    . . .      Spirit   .   b - +0 scale mail
rPois   .          Reflect  .   (no helmet)
rElec   .          Harm     .   (no cloak)
rCorr   .          Rampage  .   (no gloves)
Will    .....                   (no boots)
Stlth   ..........              (no amulet)
HPRegen 0.06/turn               (no ring)
MPRegen 0.07/turn               (no ring)

@: no status effects
A: no striking features
a: Renounce Religion


You were on level 1 of the Dungeon.
You worshipped Fedhas.
Fedhas was aware of your devotion.
You visited 1 branch of the dungeon, and saw 1 of its levels.

You collected 13 gold pieces.

Inventory:

Hand Weapons
 a - a +0 war axe (weapon)
Armour
 b - a +0 scale mail (worn)
 c - a +0 buckler (worn)
Potions
 d - a potion of might


   Skills:
 + Level 3.8 Fighting
 - Level 2.6 Axes
 - Level 3.2 Armour
 - Level 3.2 Shields


You couldn't memorise any spells.
You didn't know any spells.
Your spell library was empty.

Dungeon Overview and Level Annotations

Branches:
Dungeon (1/15)

Altars:
Fedhas


Message History

A kobold is nearby!
Found a faded altar of an unknown god.
A kobold is nearby!
A ball python comes into view.
The ball python hisses angrily.
The kobold hits you but does no damage.
There are monsters nearby!
You closely miss the kobold.
The kobold hits you with a +0 short sword.
A kobold comes into view. It is wielding a +0 club.
The kobold closely misses you.
There are monsters nearby!
You closely miss the kobold. The kobold hits you but does no damage.
There are monsters nearby!
You barely miss the kobold.
The kobold hits you with a +0 short sword.
The kobold hits you but does no damage.
You barely miss the ball python. You barely miss the kobold.
The ball python bites you. The ball python grabs you.
The ball python constricts you. The kobold closely misses you.
The ball python bites you but does no damage.
The ball python constricts you.
You slash the ball python!
You kill the ball python!
You barely miss the kobold.
The kobold hits you with a +0 short sword.
You miss the kobold. You barely miss the kobold.
The kobold hits you but does no damage. x3
You slash the kobold!
You kill the kobold!
You barely miss the kobold. You block the kobold's attack.
You slash the kobold!
You kill the kobold!
No target in view!
There is a faded altar of an unknown god here.
You cannot tell which god this altar belongs to.
Convert to them anyway?
Fedhas accepts your prayer! Fedhas welcomes you!
The plants of the dungeon cease their hostilities.
Are you sure you want to abandon this character and quit the game? (Confirm with "yes".)

..######...#
..#.)......#
.##...#######
##....#.....##
#....##......#
....##.......#
..###....###.##### #
###.....##...#8#8#8###
.......###.#....@....#
....####.$.))#8#8#8#....
.####....#.#.##### # #
## ......... ....#....
##..#..... ... #..... ..
#......


There were no monsters in sight!

Vanquished Creatures
  A ball python (D:1)
  2 kobolds (D:1)
3 creatures vanquished.

Notes
Turn   | Place    | Note
-------+----------+-------------------------------------------
     0 | D:1      | cayde69 the Hill Orc Fighter began the quest for the Orb.
     0 | D:1      | Reached XP level 1. HP: 19/19 MP: 1/1
    82 | D:1      | Found a faded altar of an unknown god.
    96 | D:1      | Prayed at the altar of an unknown god.
    96 | D:1      | Became a worshipper of Fedhas Madash
    96 | D:1      | Reached * piety under Fedhas
    97 | D:1      | Quit the game

Illustrated notes

Levels and vault maps discovered:
D:1:      dpeg_arrival_circle_labyrinth_c, layout_basic,
          ebering_ecumenical_altar_hall, minmay_box_of_dots

Action                   || total
-------------------------++-------
Melee: War axe           ||     8
Armor: Scale mail        ||     7
Dodge: Dodged            ||     2
Block: Buckler           ||     1
